 Dungeon Crawl Stone Soup version 0.24-a0-123-ga2403f3307 (webtiles) character file.

Game seed: 0

20309 MrRokkomies the Protected (level 12, -7/97 HPs)
             Began as a Gnoll Wanderer on Feb 20, 2019.
             Was the Champion of Okawaru.
             Mangled by a freezing wraith (8 damage)
             ... on level 10 of the Dungeon on Feb 21, 2019.
             The game lasted 00:54:05 (12387 turns).

MrRokkomies the Protected (Gnoll Wanderer)         Turns: 12387, Time: 00:54:06

Health: -7/97      AC: 17    Str: 19    XL:     12   Next: 78%
Magic:  23/23      EV: 14    Int: 17    God:    Okawaru [******]
Gold:   922        SH:  6    Dex: 15    Spells: 26/26 levels left

rFire    . . .     SeeInvis +   a - +1 morningstar
rCold    + . .     Gourm    .   r - +0 buckler
rNeg     . . .     Faith    .   w - +4 scale mail
rPois    .         Spirit   .   (no helmet)
rElec    .         Reflect  .   q - +0 cloak (curse)
rCorr    .         Harm     .   C - +1 pair of gloves
MR       .....     Rnd*Tele +   (no boots)
Stlth    +++.......             (no amulet)
HPRegen  0.26/turn              k - ring of see invisible
MPRegen  0.18/turn              m - ring of protection from cold

@: slowed, very slow
A: distributed training, fangs 1, talons 1, thin skeletal structure 1,
teleportitis 1, strong nose
a: Heroism, Finesse, Renounce Religion


You were on level 10 of the Dungeon.
You worshipped Okawaru.
Okawaru was exalted by your worship.
You were hungry.

You visited 2 branches of the dungeon, and saw 14 of its levels.
You also visited: Bailey.

You collected 922 gold pieces.

Inventory:

Hand Weapons
 a - a +1 morningstar (weapon)
 b - a +0 hunting sling
 y - a +0 blowgun
 H - a +1 bardiche of venom
 I - a +1 shortbow of freezing
Missiles
 e - 10 javelins of returning (quivered)
 i - 78 sling bullets
 p - 364 stones
 x - 23 poisoned needles
 D - 3 throwing nets
 J - 109 arrows
 K - 10 curare-tipped needles
 P - 4 exploding tomahawks
Armour
 j - a +1 scale mail of fire resistance
 n - the +2 robe of Too Many Cooks {rF- Str+2 Int+7 Dex+4, unknown}
   (You found it on level 9 of the Dungeon)

   It affects your strength (+2).
   It affects your intelligence (+7).
   It affects your dexterity (+4).
   It makes you vulnerable to fire.
 q - a cursed +0 cloak (worn)
 r - a +0 buckler (worn)
 w - a +4 scale mail (worn)
 C - a +1 pair of gloves (worn)
Jewellery
 k - a ring of see invisible (left hand)
 m - a ring of protection from cold (right hand)
 s - an uncursed ring of magical power
Wands
 E - a wand of disintegration (11)
 G - a wand of flame (32)
 M - a wand of acid (5)
Scrolls
 c - a scroll of immolation {unknown}
 g - 7 scrolls of remove curse
 u - 2 scrolls of amnesia
 B - a scroll of blinking
 L - 2 scrolls of enchant armour
Potions
 h - 5 potions of curing
 l - 2 potions of magic
 o - 4 potions of agility
 t - a potion of resistance
 v - a potion of might
 A - 3 potions of brilliance
 N - a potion of berserk rage
 Q - 2 potions of flight {unknown}
Comestibles
 d - 9 chunks of flesh
 f - 13 rations


   Skills:
 + Level 10.0 Fighting
 + Level 7.5 Short Blades
 + Level 7.5 Long Blades
 + Level 7.5 Axes
 + Level 7.5 Maces & Flails
 + Level 7.5 Polearms
 + Level 7.5 Staves
 + Level 7.5 Slings
 + Level 8.0 Bows
 + Level 7.5 Crossbows
 + Level 7.5 Throwing
 + Level 11.2 Armour
 + Level 7.5 Dodging
 + Level 8.6 Stealth
 + Level 7.5 Shields
 + Level 7.5 Unarmed Combat
 + Level 7.5 Spellcasting
 + Level 6.2 Conjurations
 + Level 6.2 Hexes
 + Level 6.2 Charms
 + Level 6.2 Summonings
 + Level 6.2 Necromancy
 + Level 6.2 Translocations
 + Level 6.2 Transmutations
 + Level 6.2 Fire Magic
 + Level 6.2 Ice Magic
 + Level 6.2 Air Magic
 + Level 6.2 Earth Magic
 + Level 6.2 Poison Magic
 + Level 8.2 Invocations
 + Level 7.5 Evocations


You had 26 spell levels left.
You didn't know any spells.
Your spell library contained the following spells:

 Spells                   Type           Power        Failure   Level  Hunger
 Summon Small Mammal      Summ           ####         1%          1    None
 Call Imp                 Summ           ####....     3%          2    None
 Call Canine Familiar     Summ           ####....     6%          3    ##.....
 Summon Guardian Golem    Hex/Summ       ####....     6%          3    ##.....
 Summon Ice Beast         Ice/Summ       ####....     21%         4    ####...
 Summon Lightning Spire   Summ/Air       ####....     21%         4    ####...


Dungeon Overview and Level Annotations

Branches:
Dungeon (13/15)            Temple (1/1) D:4          Vaults (0/5) D:13
   Lair: D:8-11         Orc: D:9-12

Altars:
Ashenzari
Cheibriados
Dithmenos
Elyvilon
Fedhas
Gozag
Hepliaklqana
Kikubaaqudgha
Makhleb
Nemelex Xobeh
Okawaru
Qazlal
Ru
Sif Muna
Trog
Uskayaw
Vehumet
Wu Jian
Xom
Yredelemnul
Zin
The Shining One

Shops:
D:7 (   D:8 *   D:9 %   D:11 :

Annotations:
D:3 1 runed translucent door, Flugslaktarn's ghost, weakling DDFi
D:4 3 runed translucent doors, elum's ghost, amateur TeSu


Innate Abilities, Weirdness & Mutations

Your experience applies equally to all skills.
You have very sharp teeth.
Your uncanny sense of smell can sniff out nearby items.
You have sharp toenails.
You have a somewhat thin skeletal structure. (Dex +2, Stealth)
You are occasionally teleported next to monsters.


Message History

* * * LOW HITPOINT WARNING * * *
The freezing wraith drains your vigour!
You feel yourself slow down.
You feel better.
The freezing wraith hits you but does no damage.
The freezing wraith closely misses you.
You hit the freezing wraith.
The freezing wraith is almost destroyed.
The freezing wraith hits you but does no damage.
You block the freezing wraith's attack.
The freezing wraith completely misses you.
The freezing wraith misses you.
You hit the freezing wraith but do no damage.
Your kick misses the freezing wraith.
The freezing wraith is almost destroyed.
The freezing wraith hits you!
* * * LOW HITPOINT WARNING * * *
The freezing wraith freezes you! You resist.
* * * LOW HITPOINT WARNING * * *
The freezing wraith closely misses you. The freezing wraith hits you!
You die...

#################################
.................................
#.......#####....................
#.......# #...##.........######
.....#..#####...##.........######
.............<..@WS..............
########'#######'################
##......).......................#
##..............................#
##..............................#
##....##.....###....##.##########
.#....##.....###....##.####......
.#....##............##....#..##..
.#....##............##....#..##..


You could see a freezing wraith and an adder.

Vanquished Creatures
  An ironheart preserver (D:13)
  A hydra (D:11)
  4 two-headed ogres
  A tengu warrior (D:11)
  A death knight (D:12)
  Sonja (D:12)
  2 unseen horrors
  An ugly thing (D:13)
  4 cyclopes
  A hornet (D:11)
  A hippogriff (shapeshifter) (D:13)
  4 slime creatures (D:12)
  A hippogriff (D:13)
  A water elemental (D:11)
  Sigmund (D:3)
  A vampire (D:12)
  11 yaks
  A wyvern (D:13)
  A hungry ghost (D:11)
  A soldier ant (D:13)
  2 porcupines (D:11)
  2 sky beasts (D:8)
  9 orc warriors
  4 phantoms
  2 black bears (D:11)
  2 ice beasts (D:11)
  An eye of draining (D:11)
  7 ogres
  2 crocodiles (D:11)
  10 centaurs
  2 big kobolds
  3 bullfrogs
  2 water moccasin zombies
  A wyvern zombie (D:11)
  A scorpion (D:11)
  6 wights
  A howler monkey (D:4)
  5 crimson imps
  A bullfrog zombie (D:7)
  A quasit (D:13)
  2 centaur zombies
  6 hounds
  A jelly (D:6)
  4 orc priests
  12 orc wizards
  5 centaur skeletons
  A bullfrog skeleton (D:10)
  2 iguanas
  9 worker ants
  A hound skeleton (D:7)
  A howler monkey zombie (D:8)
  12 adders
  10 gnolls
  A howler monkey skeleton (D:5)
  3 shadow imps
  An ooze (D:3)
  An adder zombie (D:7)
  3 worms
  4 dart slugs
  3 leopard geckos
  59 orcs
  5 giant cockroaches
  7 goblins
  6 hobgoblins
  12 jackals
  4 quokkas
  2 ball pythons (D:3)
  8 bats
  6 frilled lizards
  A jackal skeleton (D:4)
  15 kobolds
  A leopard gecko zombie (D:6)
  4 rats
  A spectral orc (D:2)
317 creatures vanquished.

Vanquished Creatures (collateral kills)
  6 orc warriors (Bailey)
  3 centaurs (Bailey)
  2 orcs (Bailey)
11 creatures vanquished.

Vanquished Creatures (others)
  2 worker ants
  An orc (D:8)
  14 fungi
  A plant (D:4)
18 creatures vanquished.

Grand Total: 346 creatures vanquished

Notes
Turn   | Place    | Note
-------+----------+-------------------------------------------
     0 | D:1      | MrRokkomies the Gnoll Wanderer began the quest for the Orb.
     0 | D:1      | MrRokkomies set off with the following items: a +2 scale
                  | mail, a +0 mace, a scroll of teleportation, a +0 dagger, a
                  | ration
     0 | D:1      | Reached XP level 1. HP: 23/23 MP: 1/1
    79 | D:1      | Reached XP level 2. HP: 27/29 MP: 2/2
   327 | D:1      | Reached XP level 3. HP: 32/35 MP: 3/3
   767 | D:2      | Reached skill level 1 in Invocations
  1233 | D:2      | Found a sacrificial altar of Ru.
  1238 | D:2      | Reached skill level 1 in Short Blades
  1238 | D:2      | Reached skill level 1 in Long Blades
  1238 | D:2      | Reached skill level 1 in Axes
  1238 | D:2      | Reached skill level 1 in Maces & Flails
  1238 | D:2      | Reached skill level 1 in Polearms
  1238 | D:2      | Reached skill level 1 in Staves
  1238 | D:2      | Reached skill level 1 in Slings
  1238 | D:2      | Reached skill level 1 in Crossbows
  1238 | D:2      | Reached skill level 1 in Throwing
  1238 | D:2      | Reached skill level 1 in Dodging
  1238 | D:2      | Reached skill level 1 in Shields
  1238 | D:2      | Reached skill level 1 in Unarmed Combat
  1238 | D:2      | Reached skill level 1 in Spellcasting
  1238 | D:2      | Reached skill level 1 in Evocations
  1238 | D:2      | Reached XP level 4. HP: 34/41 MP: 5/5
  1371 | D:2      | Found a basalt altar of Yredelemnul.
  1533 | D:3      | Reached skill level 1 in Conjurations
  1533 | D:3      | Reached skill level 1 in Hexes
  1533 | D:3      | Reached skill level 1 in Charms
  1533 | D:3      | Reached skill level 1 in Summonings
  1533 | D:3      | Reached skill level 1 in Necromancy
  1533 | D:3      | Reached skill level 1 in Translocations
  1533 | D:3      | Reached skill level 1 in Transmutations
  1533 | D:3      | Reached skill level 1 in Fire Magic
  1533 | D:3      | Reached skill level 1 in Ice Magic
  1533 | D:3      | Reached skill level 1 in Air Magic
  1533 | D:3      | Reached skill level 1 in Earth Magic
  1533 | D:3      | Reached skill level 1 in Poison Magic
  1566 | D:3      | Reached XP level 5. HP: 42/47 MP: 6/6
  1960 | D:3      | Noticed Sigmund
  1963 | D:3      | Gained mutation: You tend to lose your temper in combat.
                  | [potion of mutation]
  1963 | D:3      | Gained mutation: Your flesh is cold resistant. (rC+)
                  | [potion of mutation]
  1964 | D:3      | Lost mutation: You tend to lose your temper in combat.
                  | [potion of mutation]
  1964 | D:3      | Lost mutation: Your flesh is cold resistant. (rC+) [potion
                  | of mutation]
  1964 | D:3      | Gained mutation: You are dopey. (Int -2) [potion of
                  | mutation]
  1964 | D:3      | Gained mutation: You have a pair of small horns on your
                  | head. [potion of mutation]
  1985 | D:3      | Killed Sigmund
  1985 | D:3      | Reached XP level 6. HP: 30/53 MP: 7/9
  2144 | D:3      | Found a runed translucent door.
  2144 | D:3      | Noticed Flugslaktarn's ghost (weakling DDFi)
  2363 | D:4      | Found a staircase to the Ecumenical Temple.
  2385 | Temple   | Entered the Ecumenical Temple
  2455 | D:4      | Reached XP level 7. HP: 58/59 MP: 10/10
  2494 | D:4      | Found an ornate altar of the Wu Jian Council.
  2494 | D:4      | Found a sacrificial altar of Ru.
  2599 | D:4      | Found a runed translucent gate.
  2609 | D:4      | Reached skill level 9 in Armour
  2609 | D:4      | Reached skill level 5 in Stealth
  2695 | D:4      | Found a runed translucent gate.
  2695 | D:4      | Found a runed translucent gate.
  2698 | D:4      | Noticed elum's ghost (amateur TeSu)
  2699 | D:4      | Identified the +11 whip of Wefeschisk {pain, rElec Str+2}
  2828 | D:4      | Found a white marble altar of Elyvilon.
  3220 | D:5      | Entered Level 5 of the Dungeon
  3246 | D:5      | Reached XP level 8. HP: 67/67 MP: 12/12
  3713 | D:5      | Found a bloodstained altar of Trog.
  3799 | D:5      | Found an iron altar of Okawaru.
  3807 | D:5      | Became a worshipper of Warmaster Okawaru
  4977 | D:6      | Found a blossoming altar of Fedhas.
  4977 | D:6      | Found a shadowy altar of Dithmenos.
  4977 | D:6      | Found a deep blue altar of Sif Muna.
  5239 | D:7      | Reached * piety under Okawaru
  5245 | D:7      | Lost mutation: You are dopey. (Int -2) [potion of mutation]
  5245 | D:7      | Lost mutation: You have a pair of small horns on your head.
                  | [potion of mutation]
  5245 | D:7      | Gained mutation: You are weak. (Str -2) [potion of
                  | mutation]
  5245 | D:7      | Gained mutation: You are occasionally teleported next to
                  | monsters. [potion of mutation]
  5245 | D:7      | Gained mutation: Your flesh is heat resistant. (rF+)
                  | [potion of mutation]
  5317 | D:7      | Found Paoxod's Weapon Emporium.
  5586 | D:7      | Reached XP level 9. HP: 47/72 MP: 14/14
  5617 | D:7      | Found a glowing silver altar of Zin.
  5864 | D:8      | Found Qeffo's Demolitions Depot.
  6015 | D:8      | Noticed an unseen horror
  6051 | D:8      | Killed an unseen horror
  6066 | D:8      | Reached ** piety under Okawaru
  6066 | D:8      | Reached skill level 5 in Bows
  6344 | D:8      | Noticed a two-headed ogre
  6356 | D:8      | Killed a two-headed ogre
  6356 | D:8      | Reached skill level 5 in Invocations
  6368 | D:8      | Reached XP level 10. HP: 53/80 MP: 17/17
  7103 | D:9      | Reached *** piety under Okawaru
  7103 | D:9      | Reached skill level 5 in Short Blades
  7103 | D:9      | Reached skill level 5 in Long Blades
  7103 | D:9      | Reached skill level 5 in Axes
  7103 | D:9      | Reached skill level 5 in Maces & Flails
  7103 | D:9      | Reached skill level 5 in Polearms
  7103 | D:9      | Reached skill level 5 in Staves
  7103 | D:9      | Reached skill level 5 in Slings
  7103 | D:9      | Reached skill level 5 in Crossbows
  7103 | D:9      | Reached skill level 5 in Throwing
  7103 | D:9      | Reached skill level 5 in Dodging
  7103 | D:9      | Reached skill level 5 in Shields
  7103 | D:9      | Reached skill level 5 in Unarmed Combat
  7103 | D:9      | Reached skill level 5 in Spellcasting
  7103 | D:9      | Reached skill level 5 in Evocations
  7145 | D:9      | Found a flagged portal.
  7164 | Bailey   | Entered a bailey
  7205 | Bailey   | Reached skill level 10 in Armour
  7211 | Bailey   | Reached **** piety under Okawaru
  7221 | Bailey   | Killed an orc warrior
  8509 | Bailey   | Got a brightly glowing bardiche
  8523 | Bailey   | Reached ***** piety under Okawaru
  8612 | Bailey   | Identified the cursed +1 bardiche "Goblinslayer" {chop,
                  | Int-4 Dex+5} (You found it in a bailey)
  8692 | D:9      | Found Guguxzof's Food Emporium.
  8726 | D:9      | Got a faintly humming robe
  8799 | D:9      | Lost mutation: Your flesh is heat resistant. (rF+) [potion
                  | of mutation]
  8799 | D:9      | Lost mutation: You are weak. (Str -2) [potion of mutation]
  8799 | D:9      | Gained mutation: Armour fits poorly on your strangely
                  | shaped body. [potion of mutation]
  8799 | D:9      | Gained mutation: You have large cloven feet. [potion of
                  | mutation]
  8799 | D:9      | Gained mutation: You have a pair of small horns on your
                  | head. [potion of mutation]
  8800 | D:9      | Lost mutation: You have a pair of small horns on your head.
                  | [potion of mutation]
  8800 | D:9      | Lost mutation: You have large cloven feet. [potion of
                  | mutation]
  8800 | D:9      | Lost mutation: Armour fits poorly on your strangely shaped
                  | body. [potion of mutation]
  8800 | D:9      | Gained mutation: You have a somewhat thin skeletal
                  | structure. (Dex +2, Stealth) [potion of mutation]
  8800 | D:9      | Gained mutation: You have sharp toenails. [potion of
                  | mutation]
  8972 | D:10     | Entered Level 10 of the Dungeon
  9123 | D:10     | Reached XP level 11. HP: 39/87 MP: 19/19
  9653 | D:10     | Received a gift from Okawaru
 10240 | D:11     | Paralysed by a hornet for 1 turns
 10241 | D:11     | Noticed an unseen horror
 10252 | D:11     | Noticed a cyclops
 10261 | D:11     | Noticed a tengu reaver
 10263 | D:11     | Killed a cyclops
 10263 | D:11     | Received a gift from Okawaru
 10263 | D:11     | Reached skill level 5 in Conjurations
 10263 | D:11     | Reached skill level 5 in Hexes
 10263 | D:11     | Reached skill level 5 in Charms
 10263 | D:11     | Reached skill level 5 in Summonings
 10263 | D:11     | Reached skill level 5 in Necromancy
 10263 | D:11     | Reached skill level 5 in Translocations
 10263 | D:11     | Reached skill level 5 in Transmutations
 10263 | D:11     | Reached skill level 5 in Fire Magic
 10263 | D:11     | Reached skill level 5 in Ice Magic
 10263 | D:11     | Reached skill level 5 in Air Magic
 10263 | D:11     | Reached skill level 5 in Earth Magic
 10263 | D:11     | Reached skill level 5 in Poison Magic
 10292 | D:12     | Noticed a death knight
 10686 | D:13     | Received a gift from Okawaru
 10784 | D:13     | Noticed a brown ugly thing
 10809 | D:13     | Killed a brown ugly thing
 10811 | D:13     | Noticed an ironheart preserver
 10838 | D:13     | Killed an ironheart preserver
 10845 | D:13     | Noticed a two-headed ogre
 10852 | D:13     | Noticed a cyclops
 10862 | D:13     | Killed a two-headed ogre
 10874 | D:13     | Killed a cyclops
 11212 | D:13     | Found a gate to the Vaults.
 11288 | D:13     | Noticed a cyclops
 11296 | D:13     | Reached XP level 12. HP: 72/96 MP: 22/22
 11508 | D:12     | Killed a death knight
 11548 | D:12     | Noticed a two-headed ogre
 11561 | D:12     | Killed a two-headed ogre
 11998 | D:12     | Received a gift from Okawaru
 11998 | D:12     | Reached skill level 11 in Armour
 12062 | D:12     | Noticed Sonja
 12070 | D:12     | Killed Sonja
 12155 | D:11     | Noticed a two-headed ogre
 12155 | D:11     | Noticed a tengu warrior
 12171 | D:11     | Killed a tengu warrior
 12171 | D:11     | Killed a two-headed ogre
 12180 | D:11     | Noticed a seven-headed hydra
 12191 | D:11     | Killed a seven-headed hydra
 12191 | D:11     | Reached ****** piety under Okawaru
 12220 | D:11     | Found Ichel's Book Shop.
 12221 | D:11     | Reached skill level 10 in Fighting
 12373 | D:11     | Noticed a vampire knight
 12387 | D:10     | HP: 1/97 [freezing wraith (10)]
 12387 | D:10     | Mangled by a freezing wraith

Levels and vault maps discovered:
D:1:      minmay_arrival_four_houses, layout_basic
D:2:      layout_basic, yredelemnul_forgotten_temple_becter,
          nicolae_ru_great_annihilating_truth
D:3:      layout_rooms, ebering_ghost_reflecting_pool, first_ration,
          uniq_sigmund
D:4:      layout_loops_ring, gammafunk_temple_overflow_statue, temple_pool_b,
          gammafunk_ghost_nasty_kobolds, minmay_misc_feat_square,
          elyvilon_altar_4
D:5:      layout_cave_pods, kennysheep_okawaru_gauntlet, trog_butcher_becter
D:6:      layout_loops_ring, gammafunk_temple_overflow_forgotten
D:7:      layout_rooms, old_standard_altar, serial_shops, shop
D:8:      layout_gridville, nicolae_blasting_shop
D:9:      layout_big_octagon, serial_shops, nicolae_shop_crystal, enter_bailey_2
D:10:     layout_stronghold
D:11:     minmay_glassy_protrusions, layout_small_grid,
          due_lair_maze_entry_diamond, serial_shops, shop_fountains,
          grunt_tengu_nest, nicolae_underground_beach
D:12:     layout_irregular_city, david_orc_2, basic_altar, uniq_sonja
D:13:     layout_roguey, skrybe_vaults_entry_preservation, enter_trove_2,
          chequers_serial_rivers_room_a
Temple:   cyrus_circular_temple
Bailey:   bailey_polearm_flooded_kennysheep, bailey

Skill      XL: |  1  2  3  4  5  6  7  8  9 10 11 12 |
---------------+-------------------------------------+-----
Invocations    | 1 2 3 4 5 6 7 8 |  8.2
Short Blades   | 1 2 3 4 5 6 7 |  7.5
Long Blades    | 1 2 3 4 5 6 7 |  7.5
Axes           | 1 2 3 4 5 6 7 |  7.5
Maces & Flails | 1 2 3 4 5 6 7 |  7.5
Polearms       | 1 2 3 4 5 6 7 |  7.5
Staves         | 1 2 3 4 5 6 7 |  7.5
Slings         | 1 2 3 4 5 6 7 |  7.5
Crossbows      | 1 2 3 4 5 6 7 |  7.5
Throwing       | 1 2 3 4 5 6 7 |  7.5
Dodging        | 1 2 3 4 5 6 7 |  7.5
Shields        | 1 2 3 4 5 6 7 |  7.5
Unarmed Combat | 1 2 3 4 5 6 7 |  7.5
Spellcasting   | 1 2 3 4 5 6 7 |  7.5
Evocations     | 1 2 3 4 5 6 7 |  7.5
Conjurations   | 1 2 3 4 5 6 |  6.2
Hexes          | 1 2 3 4 5 6 |  6.2
Charms         | 1 2 3 4 5 6 |  6.2
Summonings     | 1 2 3 4 5 6 |  6.2
Necromancy     | 1 2 3 4 5 6 |  6.2
Translocations | 1 2 3 4 5 6 |  6.2
Transmutations | 1 2 3 4 5 6 |  6.2
Fire Magic     | 1 2 3 4 5 6 |  6.2
Ice Magic      | 1 2 3 4 5 6 |  6.2
Air Magic      | 1 2 3 4 5 6 |  6.2
Earth Magic    | 1 2 3 4 5 6 |  6.2
Poison Magic   | 1 2 3 4 5 6 |  6.2
Bows           | 3 4 5 6 7 8 |  8.0
Fighting       | 7 8 9 10 | 10.0
Armour         | 9 10 11 | 11.2
Stealth        | 5 6 7 8 |  8.6

Action                   |  1- 3 |  4- 6 |  7- 9 | 10-12 || total
-------------------------+-------+-------+-------+-------++-------
Melee: Mace              |    93 |    89 |       |       ||   182
       Bite              |     4 |    12 |    33 |    80 ||   129
       Morningstar       |       |    44 |   294 |   584 ||   922
       Headbutt          |       |     7 |    30 |       ||    37
       Punch             |       |       |     1 |       ||     1
       Kick              |       |       |       |   150 ||   150
 Fire: Hunting sling     |    11 |     4 |    19 |    85 ||   119
Throw: Javelin           |       |       |       |    69 ||    69
       Stone             |       |       |       |     2 ||     2
Invok: Heroism           |       |       |       |     5 ||     5
       Finesse           |       |       |       |     2 ||     2
Evoke: Wand              |       |       |     2 |    25 ||    27
  Use: Scroll            |     7 |     2 |     8 |    11 ||    28
       Potion            |       |     2 |     3 |    14 ||    19
 Stab: Paralysed         |       |     3 |    10 |    13 ||    26
       Sleeping          |       |     1 |     1 |     3 ||     5
       Distracted        |       |       |     1 |     4 ||     5
  Eat: Chunk             |       |     5 |    13 |    14 ||    32
       Ration            |       |       |       |     2 ||     2
Armor: Scale mail        |    65 |   114 |   145 |   261 ||   585
       Skin              |       |       |       |    76 ||    76
Dodge: Dodged            |    51 |   104 |   177 |   368 ||   700
Block: Buckler           |       |       |    50 |   202 ||   252

Table legend:
 A = Non-vault XP
 B = Vault XP
 C = Vault XP percentage of total XP
 D = Non-vault monster count
 E = Vault monster count
 F = Vault count percentage of total count
                 A         B        C        D         E       F
            +---------+---------+-------+---------+---------+-------
      Total |   19726 |    9288 |  32.0 |     254 |      76 |  23.0
            +---------+---------+-------+---------+---------+-------
        D:1 |      56 |       0 |   0.0 |      29 |       0 |   0.0
        D:2 |      30 |      45 |  60.0 |       9 |       5 |  35.7
        D:3 |     233 |     227 |  49.3 |      29 |       1 |   3.3
        D:4 |     606 |       0 |   0.0 |      16 |       0 |   0.0
        D:5 |     319 |      14 |   4.2 |      17 |       6 |  26.1
        D:6 |     481 |       0 |   0.0 |      12 |       0 |   0.0
        D:7 |     348 |       0 |   0.0 |      13 |       0 |   0.0
        D:8 |    3092 |       0 |   0.0 |      29 |       0 |   0.0
        D:9 |     541 |       0 |   0.0 |       2 |       0 |   0.0
       D:10 |    1557 |       0 |   0.0 |      19 |       0 |   0.0
       D:11 |    4698 |    1985 |  29.7 |      23 |      10 |  30.3
       D:12 |    4229 |     972 |  18.7 |      26 |       7 |  21.2
       D:13 |    3536 |    3719 |  51.3 |      30 |       8 |  21.1
     Bailey |       0 |    2326 | 100.0 |       0 |      39 | 100.0
            +---------+---------+-------+---------+---------+-------
